Workbook

Sheet TOUS NIVEAUX
A1: Réf. | B1: Désignation | C1: CC | D1: Novus Customer | E1: Animateur Adjoint | F1: Animateur | G1: Manager Adjoint | H1: Manager | I1: CLIENTS | J1: Quantité | K1: Total CC | L1: Total Tarif Novus Customer | M1: Total Tarif Animateur Adjoint | N1: Total Tarif Animateur | O1: Total Tarif Manager Adjoint | P1: Total Tarif Manager | Q1: Total CLIENTS
A2: 15 | B2: PULPE D'ALOES STABILISEE (1l) | C2: 0.101 | D2: 26.813458 | E2: 20.512702 | F2: 19.563245 | G2: 17.973455 | H2: 16.405746 | I2: 31.535796 | K2: =C2*J2 -> 0 | L2: =D2*J2 -> 0 | M2: =E2*J2 -> 0 | N2: =F2*J2 -> 0 | O2: =G2*J2 -> 0 | P2: =H2*J2 -> 0 | Q2: =I2*J2 -> 0
A3: 34 | B3: ALOE BERRY NECTAR (1l) | C3: 0.101 | D3: 26.813458 | E3: 20.512702 | F3: 19.563245 | G3: 17.973455 | H3: 16.405746 | I3: 31.535796 | K3: =C3*J3 -> 0 | L3: =D3*J3 -> 0 | M3: =E3*J3 -> 0 | N3: =F3*J3 -> 0 | O3: =G3*J3 -> 0 | P3: =H3*J3 -> 0 | Q3: =I3*J3 -> 0
A4: 77 | B4: CŒUR D'ALOES (1l) | C4: 0.11 | D4: 29.179981 | E4: 22.33318 | F4: 21.299459 | G4: 19.568577 | H4: 17.861736 | I4: 34.330649 | K4: =C4*J4 -> 0 | L4: =D4*J4 -> 0 | M4: =E4*J4 -> 0 | N4: =F4*J4 -> 0 | O4: =G4*J4 -> 0 | P4: =H4*J4 -> 0 | Q4: =I4*J4 -> 0
A5: 196 | B5: FOREVER FREEDOM (1l) | C5: 0.138 | D5: 36.611507 | E5: 28.013467 | F5: 26.716827 | G5: 24.545708 | H5: 22.404743 | I5: 43.07 | K5: =C5*J5 -> 0 | L5: =D5*J5 -> 0 | M5: =E5*J5 -> 0 | N5: =F5*J5 -> 0 | O5: =G5*J5 -> 0 | P5: =H5*J5 -> 0 | Q5: =I5*J5 -> 0
A6: 270 | B6: ALOE 2 GO (30 sachets de 88,7ml) | C6: 0.35925 | D6: 74.582961 | E6: 57.051575 | F6: 54.410867 | G6: 49.989216 | H6: 45.628978 | I6: 87.7434 | K6: =C6*J6 -> 0 | L6: =D6*J6 -> 0 | M6: =E6*J6 -> 0 | N6: =F6*J6 -> 0 | O6: =G6*J6 -> 0 | P6: =H6*J6 -> 0 | Q6: =I6*J6 -> 0
A7: 306 | B7: FREEDOM 2 GO (30 sachets de 88,7ml) | C7: 0.42075 | D7: 87.347195 | E7: 66.830424 | F7: 63.737089 | G7: 58.557551 | H7: 53.449951 | I7: 102.74566 | K7: =C7*J7 -> 0 | L7: =D7*J7 -> 0 | M7: =E7*J7 -> 0 | N7: =F7*J7 -> 0 | O7: =G7*J7 -> 0 | P7: =H7*J7 -> 0 | Q7: =I7*J7 -> 0
A8: 3015 | B8: TRIPACK PULPE | C8: 0.303 | D8: 80.418957 | E8: 61.548055 | F8: 58.699221 | G8: 53.929081 | H8: 49.225193 | I8: 94.607389 | K8: =C8*J8 -> 0 | L8: =D8*J8 -> 0 | M8: =E8*J8 -> 0 | N8: =F8*J8 -> 0 | O8: =G8*J8 -> 0 | P8: =H8*J8 -> 0 | Q8: =I8*J8 -> 0
A9: 3034 | B9: TRIPACK BERRY NECTAR | C9: 0.303 | D9: 80.418957 | E9: 61.548055 | F9: 58.699221 | G9: 53.929081 | H9: 49.225193 | I9: 94.607389 | K9: =C9*J9 -> 0 | L9: =D9*J9 -> 0 | M9: =E9*J9 -> 0 | N9: =F9*J9 -> 0 | O9: =G9*J9 -> 0 | P9: =H9*J9 -> 0 | Q9: =I9*J9 -> 0
A10: 3077 | B10: TRIPACK CŒUR D'ALOES | C10: 0.33 | D10: 87.56136 | E10: 67.009487 | F10: 63.907864 | G10: 58.714448 | H10: 53.593164 | I10: 103.01336 | K10: =C10*J10 -> 0 | L10: =D10*J10 -> 0 | M10: =E10*J10 -> 0 | N10: =F10*J10 -> 0 | O10: =G10*J10 -> 0 | P10: =H10*J10 -> 0 | Q10: =I10*J10 -> 0
A11: 3196 | B11: TRIPACK FREEDOM | C11: 0.414 | D11: 109.82381 | E11: 84.05035 | F11: 80.159968 | G11: 73.645839 | H11: 67.222185 | I11: 129.20574 | K11: =C11*J11 -> 0 | L11: =D11*J11 -> 0 | M11: =E11*J11 -> 0 | N11: =F11*J11 -> 0 | O11: =G11*J11 -> 0 | P11: =H11*J11 -> 0 | Q11: =I11*J11 -> 0
A12: 6015 | B12: SIX PACK PULPE | C12: 0.606 | D12: 160.82721 | E12: 123.09611 | F12: 117.39844 | G12: 107.85816 | H12: 98.450387 | I12: 189.21478 | K12: =C12*J12 -> 0 | L12: =D12*J12 -> 0 | M12: =E12*J12 -> 0 | N12: =F12*J12 -> 0 | O12: =G12*J12 -> 0 | P12: =H12*J12 -> 0 | Q12: =I12*J12 -> 0
A13: 207 | B13: FOREVER MIEL 500g | C13: 0.067 | D13: 17.818528 | E13: 13.628711 | F13: 12.997888 | G13: 11.941626 | H13: 10.900035 | I13: 20.966753 | K13: =C13*J13 -> 0 | L13: =D13*J13 -> 0 | M13: =E13*J13 -> 0 | N13: =F13*J13 -> 0 | O13: =G13*J13 -> 0 | P13: =H13*J13 -> 0 | Q13: =I13*J13 -> 0
... A182: 30 | B182: FORMULE ANIMALE ALOES (473ml) | C182: 0.079 | D182: 23.86062 | E182: 18.25145 | F182: 17.406657 | G182: 15.992121 | H182: 14.597231 | I182: 28.06272 | K182: =C182*J182 -> 0 | L182: =D182*J182 -> 0 | M182: =E182*J182 -> 0 | N182: =F182*J182 -> 0 | O182: =G182*J182 -> 0 | P182: =H182*J182 -> 0 | Q182: =I182*J182 -> 0
A183: TOTAL

Sheet Feuil1
A1: VENTE FOREVER JANVIER 2016
A2: CLIENT | B2: REF. | C2: PRODUITS | D2: PRIX FLP | E2: QUANTITE | F2: REMISE | G2: PRIX CLIENT | H2: REMISE FLP | I2: PRIX ACHAT | J2: MARGE | K2: % BONUS PERSO | L2: BONUS PERSO | N2: Total Ventes
B3: 475 | C3: =IF(ISNA(VLOOKUP(B3,'TOUS NIVEAUX'!A$2:Q$182,2,FALSE)),"",(VLOOKUP(B3,'TOUS NIVEAUX'!A$2:Q$182,2,FALSE))) -> PACK C9 Vanille | D3: =IF(ISNA(VLOOKUP(B3,'TOUS NIVEAUX'!A$2:Q$182,9,FALSE)),"",(VLOOKUP(B3,'TOUS NIVEAUX'!A$2:Q$182,9,FALSE))) -> 129.63407 | E3: 1 | G3: =IF(ISBLANK(F3),(D3*E3),D3-((D3*E3)*E3*F3)*E3) -> 129.63407 | H3: 0.3 | I3: =D3-(D3*30)/100 -> 90.743852 | J3: =G3-I3 -> 38.890222
C4: =IF(ISNA(VLOOKUP(B4,'TOUS NIVEAUX'!A$2:Q$182,2,FALSE)),"",(VLOOKUP(B4,'TOUS NIVEAUX'!A$2:Q$182,2,FALSE))) | D4: =IF(ISNA(VLOOKUP(B4,'TOUS NIVEAUX'!A$2:Q$182,9,FALSE)),"",(VLOOKUP(B4,'TOUS NIVEAUX'!A$2:Q$182,9,FALSE))) | G4: =IF(ISBLANK(F4),(D4*E4),D4-((D4*E4)*E4*F4)*E4) -> #VALUE!
C5: =IF(ISNA(VLOOKUP(B5,'TOUS NIVEAUX'!A$2:Q$182,2,FALSE)),"",(VLOOKUP(B5,'TOUS NIVEAUX'!A$2:Q$182,2,FALSE))) | D5: =IF(ISNA(VLOOKUP(B5,'TOUS NIVEAUX'!A$2:Q$182,9,FALSE)),"",(VLOOKUP(B5,'TOUS NIVEAUX'!A$2:Q$182,9,FALSE))) | G5: =IF(ISBLANK(F5),(D5*E5),D5-((D5*E5)*E5*F5)*E5) -> #VALUE! | N5: Total Achats
C6: =IF(ISNA(VLOOKUP(B6,'TOUS NIVEAUX'!A$2:Q$182,2,FALSE)),"",(VLOOKUP(B6,'TOUS NIVEAUX'!A$2:Q$182,2,FALSE))) | D6: =IF(ISNA(VLOOKUP(B6,'TOUS NIVEAUX'!A$2:Q$182,9,FALSE)),"",(VLOOKUP(B6,'TOUS NIVEAUX'!A$2:Q$182,9,FALSE)))
C7: =IF(ISNA(VLOOKUP(B7,'TOUS NIVEAUX'!A$2:Q$182,2,FALSE)),"",(VLOOKUP(B7,'TOUS NIVEAUX'!A$2:Q$182,2,FALSE))) | D7: =IF(ISNA(VLOOKUP(B7,'TOUS NIVEAUX'!A$2:Q$182,9,FALSE)),"",(VLOOKUP(B7,'TOUS NIVEAUX'!A$2:Q$182,9,FALSE)))
C8: =IF(ISNA(VLOOKUP(B8,'TOUS NIVEAUX'!A$2:Q$182,2,FALSE)),"",(VLOOKUP(B8,'TOUS NIVEAUX'!A$2:Q$182,2,FALSE))) | D8: =IF(ISNA(VLOOKUP(B8,'TOUS NIVEAUX'!A$2:Q$182,9,FALSE)),"",(VLOOKUP(B8,'TOUS NIVEAUX'!A$2:Q$182,9,FALSE))) | N8: Total Marge
C9: =IF(ISNA(VLOOKUP(B9,'TOUS NIVEAUX'!A$2:Q$182,2,FALSE)),"",(VLOOKUP(B9,'TOUS NIVEAUX'!A$2:Q$182,2,FALSE))) | D9: =IF(ISNA(VLOOKUP(B9,'TOUS NIVEAUX'!A$2:Q$182,9,FALSE)),"",(VLOOKUP(B9,'TOUS NIVEAUX'!A$2:Q$182,9,FALSE)))
C10: =IF(ISNA(VLOOKUP(B10,'TOUS NIVEAUX'!A$2:Q$182,2,FALSE)),"",(VLOOKUP(B10,'TOUS NIVEAUX'!A$2:Q$182,2,FALSE))) | D10: =IF(ISNA(VLOOKUP(B10,'TOUS NIVEAUX'!A$2:Q$182,9,FALSE)),"",(VLOOKUP(B10,'TOUS NIVEAUX'!A$2:Q$182,9,FALSE)))
C11: =IF(ISNA(VLOOKUP(B11,'TOUS NIVEAUX'!A$2:Q$182,2,FALSE)),"",(VLOOKUP(B11,'TOUS NIVEAUX'!A$2:Q$182,2,FALSE))) | D11: =IF(ISNA(VLOOKUP(B11,'TOUS NIVEAUX'!A$2:Q$182,9,FALSE)),"",(VLOOKUP(B11,'TOUS NIVEAUX'!A$2:Q$182,9,FALSE))) | N11: Taux Marge Réelle
C12: =IF(ISNA(VLOOKUP(B12,'TOUS NIVEAUX'!A$2:Q$182,2,FALSE)),"",(VLOOKUP(B12,'TOUS NIVEAUX'!A$2:Q$182,2,FALSE))) | D12: =IF(ISNA(VLOOKUP(B12,'TOUS NIVEAUX'!A$2:Q$182,9,FALSE)),"",(VLOOKUP(B12,'TOUS NIVEAUX'!A$2:Q$182,9,FALSE)))
C13: =IF(ISNA(VLOOKUP(B13,'TOUS NIVEAUX'!A$2:Q$182,2,FALSE)),"",(VLOOKUP(B13,'TOUS NIVEAUX'!A$2:Q$182,2,FALSE))) | D13: =IF(ISNA(VLOOKUP(B13,'TOUS NIVEAUX'!A$2:Q$182,9,FALSE)),"",(VLOOKUP(B13,'TOUS NIVEAUX'!A$2:Q$182,9,FALSE)))
C14: =IF(ISNA(VLOOKUP(B14,'TOUS NIVEAUX'!A$2:Q$182,2,FALSE)),"",(VLOOKUP(B14,'TOUS NIVEAUX'!A$2:Q$182,2,FALSE))) | D14: =IF(ISNA(VLOOKUP(B14,'TOUS NIVEAUX'!A$2:Q$182,9,FALSE)),"",(VLOOKUP(B14,'TOUS NIVEAUX'!A$2:Q$182,9,FALSE))) | N14: Bonus Personnel
C15: =IF(ISNA(VLOOKUP(B15,'TOUS NIVEAUX'!A$2:Q$182,2,FALSE)),"",(VLOOKUP(B15,'TOUS NIVEAUX'!A$2:Q$182,2,FALSE))) | D15: =IF(ISNA(VLOOKUP(B15,'TOUS NIVEAUX'!A$2:Q$182,9,FALSE)),"",(VLOOKUP(B15,'TOUS NIVEAUX'!A$2:Q$182,9,FALSE)))
C16: =IF(ISNA(VLOOKUP(B16,'TOUS NIVEAUX'!A$2:Q$182,2,FALSE)),"",(VLOOKUP(B16,'TOUS NIVEAUX'!A$2:Q$182,2,FALSE))) | D16: =IF(ISNA(VLOOKUP(B16,'TOUS NIVEAUX'!A$2:Q$182,9,FALSE)),"",(VLOOKUP(B16,'TOUS NIVEAUX'!A$2:Q$182,9,FALSE)))
C17: =IF(ISNA(VLOOKUP(B17,'TOUS NIVEAUX'!A$2:Q$182,2,FALSE)),"",(VLOOKUP(B17,'TOUS NIVEAUX'!A$2:Q$182,2,FALSE))) | D17: =IF(ISNA(VLOOKUP(B17,'TOUS NIVEAUX'!A$2:Q$182,9,FALSE)),"",(VLOOKUP(B17,'TOUS NIVEAUX'!A$2:Q$182,9,FALSE))) | N17: TOTAL GAIN
C18: =IF(ISNA(VLOOKUP(B18,'TOUS NIVEAUX'!A$2:Q$182,2,FALSE)),"",(VLOOKUP(B18,'TOUS NIVEAUX'!A$2:Q$182,2,FALSE))) | D18: =IF(ISNA(VLOOKUP(B18,'TOUS NIVEAUX'!A$2:Q$182,9,FALSE)),"",(VLOOKUP(B18,'TOUS NIVEAUX'!A$2:Q$182,9,FALSE)))
C19: =IF(ISNA(VLOOKUP(B19,'TOUS NIVEAUX'!A$2:Q$182,2,FALSE)),"",(VLOOKUP(B19,'TOUS NIVEAUX'!A$2:Q$182,2,FALSE))) | D19: =IF(ISNA(VLOOKUP(B19,'TOUS NIVEAUX'!A$2:Q$182,9,FALSE)),"",(VLOOKUP(B19,'TOUS NIVEAUX'!A$2:Q$182,9,FALSE)))
C20: =IF(ISNA(VLOOKUP(B20,'TOUS NIVEAUX'!A$2:Q$182,2,FALSE)),"",(VLOOKUP(B20,'TOUS NIVEAUX'!A$2:Q$182,2,FALSE))) | D20: =IF(ISNA(VLOOKUP(B20,'TOUS NIVEAUX'!A$2:Q$182,9,FALSE)),"",(VLOOKUP(B20,'TOUS NIVEAUX'!A$2:Q$182,9,FALSE)))
